 Dungeon Crawl Stone Soup version 0.27-a0-732-ga892ba84f6 (webtiles) character file.

Game seed: 11484837984568814195

4170 lunkers the Thaumaturge (level 10, -4/77 HPs)
             Began as a Djinni Earth Elementalist on Mar 24, 2021.
             Was a Priest of Makhleb.
             Slain by an orc warrior
             ... wielding a +0 trident
              (10 damage)
             ... on level 7 of the Dungeon.
             The game lasted 00:17:24 (10547 turns).

lunkers the Thaumaturge (DjEE)                     Turns: 10547, Time: 00:17:24

Health: -4/77      AC:  3    Str: 13    XL:     10   Next: 28%
Magic:  0/0        EV: 12    Int: 20    God:    Makhleb [***...]
Gold:   434        SH:  0    Dex: 14    Spells: 4/29 levels left

rFire    + + .     SeeInvis .   a - staff of earth
rCold    . . .     Faith    .   (no shield)
rNeg     . . .     Spirit   .   y - +1 robe
rPois    ∞         Reflect  .   (no helmet)
rElec    .         Harm     .   (no cloak)
rCorr    .         Rampage  .   (no gloves)
Will     +....                  (boots unavailable)
Stlth    ++........             (no amulet)
HPRegen  0.22/turn              p - +6 ring of strength
MPRegen  0.00/turn              B - ring of protection from cold

@: flying
A: fire resistance 2, cold vulnerability 1, float, innate caster, hp casting,
extra vitality 1
a: Renounce Religion, Minor Destruction, Lesser Servant of Makhleb


You were on level 7 of the Dungeon.
You worshipped Makhleb.
Makhleb was most pleased with you.
You visited 2 branches of the dungeon, and saw 8 of its levels.
You also visited: Sewer.

You collected 434 gold pieces.

Inventory:

Hand Weapons
 g - a +1 dagger of venom
Missiles
 b - 152 stones
Armour
 c - a +0 robe
 y - a +1 robe (worn)
Magical Staves
 a - a staff of earth (weapon)
Jewellery
 p - a +6 ring of strength (right hand)
 v - a +6 ring of dexterity
 B - a ring of protection from cold (left hand)
 E - a +6 ring of dexterity
 F - a ring of protection from cold
Wands
 u - a wand of polymorph (5)
 G - a wand of charming (14)
Scrolls
 f - a scroll of silence {unknown}
 i - 2 scrolls of enchant weapon
 k - a scroll of torment {unknown}
 l - a scroll of magic mapping {unknown}
 m - 2 scrolls of immolation {unknown}
 o - a scroll of fear {unknown}
 t - a scroll of teleportation {unknown}
 w - a scroll of noise {unknown}
 H - a scroll of summoning {unknown}
Potions
 e - 3 potions of curing
 h - 2 potions of resistance {unknown}
 j - 2 potions of berserk rage {unknown}
 n - a potion of ambrosia {unknown}
 q - 3 potions of heal wounds
 s - a potion of haste {unknown}
 x - a potion of attraction {unknown}
 z - 2 potions of invisibility {unknown}
 A - a potion of lignification {unknown}
 C - a potion of might {unknown}
 D - 2 potions of brilliance {unknown}


   Skills:
 + Level 8.4 Fighting
 - Level 2.1 Dodging
 - Level 1.5 Stealth
 * Level 10.4 Spellcasting


You had 4 spell levels left.
You knew the following spells:

 Your Spells              Type           Power      Damage    Failure   Level
a - Sandblast             Erth           100%       2d20      1%          1
b - Passwall              Tmut/Erth      55%        N/A       1%          2
c - Stone Arrow           Conj/Erth      100%       3d13      1%          3
d - Petrify               Tmut/Erth      67%        N/A       1%          4
e - Lee's Rapid Deconstr  Erth           33%        3d18*     2%          5
f - Foxfire               Conj/Fire      100%       2x1d9     1%          1
g - Searing Ray           Conj           100%       3d7       1%          2
h - Tukima's Dance        Hex            51%        N/A       1%          3
i - Animate Armour        Summ/Erth      100%       N/A       1%          4
Your spell library was empty.

Dungeon Overview and Level Annotations

Branches:
Dungeon (7/15)             Temple (1/1) D:4           Sewer (visited)

Altars:
Elyvilon
Fedhas
Gozag
Makhleb
Nemelex Xobeh
Sif Muna
Wu Jian
Yredelemnul
The Shining One

Annotations:
D:4 2 transporters, CowFu's ghost, novice DjFE


Innate Abilities, Weirdness & Mutations

You are immune to poison.
Your flesh is very heat resistant. (rF++)
You are vulnerable to cold. (rC-)
You float through the air rather than walking.
You learn spells naturally, not from books.
Your magical power is your life essence.
You have superior vitality. (+4 HP)


Message History

Casting: Lee's Rapid Deconstruction (dangerous; 2% risk of failure)
Confirm with . or Enter, or press ? or * to list all spells.
Aiming: Stone Arrow (safe; 1% risk of failure)
Press: ? - help, Shift-Dir - straight line, f - orc warrior
Aim: an orc warrior, wielding a +0 trident and wearing a +0 chain mail (lightly wounded, 25% to evade)
You feel a surge of power!
The stone arrow hits the orc warrior!
The orc warrior is heavily wounded.
The orc warrior barely misses you.
Casting: Stone Arrow (safe; 1% risk of failure)
Confirm with . or Enter, or press ? or * to list all spells.
Aiming: Stone Arrow (safe; 1% risk of failure)
Press: ? - help, Shift-Dir - straight line, f/p - orc warrior
Aim: an orc warrior, wielding a +0 trident and wearing a +0 chain mail (heavily wounded, 25% to evade)
You feel a surge of power!
The stone arrow misses the orc warrior.
The stone arrow hits the orc!!
You kill the orc!
Makhleb accepts your kill.
* * * LOW HITPOINT WARNING * * *
The orc warrior hits you with a +0 trident!!
* * * LOW HITPOINT WARNING * * *
Casting: Stone Arrow (safe; 1% risk of failure)
Confirm with . or Enter, or press ? or * to list all spells.
Aiming: Stone Arrow (safe; 1% risk of failure)
Press: ? - help, Shift-Dir - straight line, f/p - orc warrior
Aim: an orc warrior, wielding a +0 trident and wearing a +0 chain mail (heavily wounded, 25% to evade)
You feel a surge of power!
The stone arrow misses the orc warrior.
* * * LOW HITPOINT WARNING * * *
The orc warrior hits you with a +0 trident!
* * * LOW HITPOINT WARNING * * *
Unknown command.
Casting: Stone Arrow (safe; 1% risk of failure)
Confirm with . or Enter, or press ? or * to list all spells.
Aiming: Stone Arrow (safe; 1% risk of failure)
Press: ? - help, Shift-Dir - straight line, f/p - orc warrior
Aim: an orc warrior, wielding a +0 trident and wearing a +0 chain mail (heavily wounded, 25% to evade)
You feel a surge of power!
The stone arrow hits the orc warrior!
The orc warrior is almost dead.
* * * LOW HITPOINT WARNING * * *
The orc warrior hits you with a +0 trident!
You die...

#..# .# ##.##.#
#.##.###..
#.........
##†..#####
#...# #...#
#####
##..#####).....
#.>..@o))....#
#.##########.#
#.# #.# ..# ###


You could see an orc warrior.

Vanquished Creatures
  A two-headed ogre (D:7)
  Sigmund (D:4)
  Edmund (Temple)
  2 water moccasins
  5 ogres
  3 centaurs
  3 phantoms
  A kobold brigand (Sewer)
  3 bullfrogs
  A scorpion (D:4)
  9 killer bees (D:7)
  2 howler monkeys
  9 wights
  3 jellies (D:6)
  A bullfrog skeleton (D:5)
  2 hounds
  2 orc priests
  2 iguanas
  Ijyb (D:4)
  10 orc wizards
  2 worker ants
  A hound skeleton (D:4)
  7 adders
  8 gnolls
  3 river rats (Sewer)
  2 shadow imps
  3 white imps
  An ufetubus (D:5)
  2 dart slugs (D:1)
  22 orcs
  7 ball pythons
  2 giant cockroaches
  9 goblins
  7 hobgoblins
  14 jackals
  8 kobolds
  6 oozes
  6 quokkas
  6 bats
  3 frilled lizards
  A quokka skeleton (D:5)
  A quokka zombie (D:6)
  7 rats
190 creatures vanquished.

Vanquished Creatures (collateral kills)
  2 ogres
2 creatures vanquished.

Grand Total: 192 creatures vanquished

Notes
Turn   | Place    | Note
-------+----------+-------------------------------------------
     0 | D:1      | lunkers the Djinni Earth Elementalist began the quest for
                  | the Orb.
     0 | D:1      | Reached XP level 1. HP: 15/15 MP: 0/0
   164 | D:1      | Reached skill level 3 in Spellcasting
   164 | D:1      | Reached XP level 2. HP: 20/22 MP: 0/0
   279 | D:1      | Reached skill level 1 in Fighting
   654 | D:1      | Reached XP level 3. HP: 25/27 MP: 0/0
   654 | D:1      | Learned a level 1 spell: Foxfire
  1265 | D:2      | Reached XP level 4. HP: 29/33 MP: 0/0
  2547 | D:2      | Reached skill level 4 in Spellcasting
  3309 | D:3      | Reached XP level 5. HP: 36/39 MP: 0/0
  3309 | D:3      | Learned a level 2 spell: Searing Ray
  3656 | D:3      | Found a white marble altar of Elyvilon.
  3902 | D:3      | Found a sparkling altar of Nemelex Xobeh.
  4123 | D:4      | Found a staircase to the Ecumenical Temple.
  4145 | Temple   | Entered the Ecumenical Temple
  4294 | Temple   | Became a worshipper of Makhleb the Destroyer
  4390 | D:4      | Found a transporter.
  4394 | D:4      | Noticed CowFu's ghost (novice DjFE)
  4409 | D:4      | Found a transporter.
  4436 | D:4      | Noticed an ogre
  4440 | D:4      | Killed an ogre
  4441 | D:4      | Reached skill level 5 in Spellcasting
  4441 | D:4      | Reached XP level 6. HP: 39/46 MP: 0/0
  4449 | D:4      | Found a glowing drain.
  4454 | Sewer    | Entered a sewer
  5001 | Sewer    | Found a white marble altar of Elyvilon.
  5082 | D:4      | Reached XP level 7. HP: 45/51 MP: 0/0
  5082 | D:4      | Learned a level 3 spell: Tukima's Dance
  5234 | D:4      | Noticed Ijyb
  5426 | D:4      | Killed Ijyb
  5427 | D:4      | Reached skill level 6 in Spellcasting
  6387 | D:4      | You are sucked into a shaft and drop 2 floors!
  6394 | D:6      | Reached XP level 8. HP: 46/58 MP: 0/0
  6396 | D:6      | Reached skill level 5 in Fighting
  6516 | D:6      | Reached skill level 7 in Spellcasting
  6552 | D:6      | Reached * piety under Makhleb
  6926 | D:5      | Entered Level 5 of the Dungeon
  7279 | D:5      | Reached skill level 8 in Spellcasting
  7366 | D:4      | Noticed Edmund
  7366 | D:4      | Noticed Sigmund
  7435 | Temple   | Killed Edmund
  7436 | Temple   | Reached XP level 9. HP: 24/67 MP: 0/0
  7436 | Temple   | Learned a level 4 spell: Animate Armour
  7642 | D:4      | Killed Sigmund
  8108 | D:5      | Reached ** piety under Makhleb
  8952 | D:6      | Reached skill level 9 in Spellcasting
  9379 | D:7      | Noticed a two-headed ogre
  9387 | D:7      | Killed a two-headed ogre
  9388 | D:7      | Reached XP level 10. HP: 14/76 MP: 0/0
  9684 | D:7      | Reached skill level 10 in Spellcasting
 10542 | D:7      | Reached *** piety under Makhleb
 10547 | D:7      | Slain by an orc warrior

Illustrated notes

Levels and vault maps discovered:
D:1:      dpeg_arrival_rooms_b, layout_basic, chequers_decorated_corner
D:2:      layout_loops_cross, cheibrodos_gnoll_hut
D:3:      layout_basic, nemelex_altar_shiori, elyvilon_altar_3
D:4:      layout_gridville, nicolae_sif_muna_little_library,
          minmay_temple_entry_statues_pillars, portal_sewer_entry_e,
          gammafunk_ghost_stat_death, uniq_ijyb, uniq_edmund, uniq_sigmund
D:5:      layout_loops_ring
D:6:      layout_loops_cross, minivault_10
D:7:      layout_basic, corexii_item_surrounded_by_moat, eino_jars
Temple:   nicolae_temple_elliptical

Skill      XL: |  1  2  3  4  5  6  7  8  9 10 |
---------------+-------------------------------+-----
Spellcasting   | 3 4 5 6 8 9 10 | 10.4
Fighting       | 1 2 3 4 6 7 8 |  8.4
Dodging        | |  2.1
Stealth        | |  1.5

Action                   |  1- 3 |  4- 6 |  7- 9 | 10-12 || total
-------------------------+-------+-------+-------+-------++-------
Melee: Staff             |       |    19 |    10 |    27 ||    56
 Cast: Sandblast         |    45 |       |       |     1 ||    46
       Stone Arrow       |       |    71 |   117 |     9 ||   197
       Tukima's Dance    |       |       |    12 |       ||    12
       Lee's Rapid Decon |       |       |       |     8 ||     8
  Use: Scroll            |       |     1 |       |     5 ||     6
Armor: Robe              |     3 |     6 |     5 |     9 ||    23
Dodge: Dodged            |     9 |    18 |    28 |    23 ||    78

Table legend: (Time is in decaauts)
 A = Elapsed time spent in this place.
 B = Non-inter-level travel time spent in this place.
 C = Inter-level travel time spent in this place.
 D = Time resting spent in this place.
 E = Time spent auto-exploring this place.
 F = Levels seen in this place.
 G = Mean time per level.
                   A        B        C        D        E       F      G
               +--------+--------+--------+--------+--------+-----+--------+
         Total |  10551 |  10176 |    375 |    991 |   8150 |   9 | 1172.3 |
       Dungeon |   9591 |   9237 |    354 |    566 |   7717 |   7 | 1370.1 |
        Temple |    375 |    354 |     21 |    200 |    142 |   1 |  375.0 |
         Sewer |    584 |    584 |      0 |    225 |    291 |   1 |  584.0 |
               +--------+--------+--------+--------+--------+-----+--------+

Top non-repeatable levels by time:
     D:4: 1982 daAuts
     D:2: 1626 daAuts
     D:3: 1423 daAuts
     D:6: 1236 daAuts
     D:7: 1179 daAuts
     D:1: 1117 daAuts
     D:5: 1026 daAuts
   Sewer: 584 daAuts
  Temple: 375 daAuts
